 Dungeon Crawl Stone Soup version 0.29-a0-925-g0a7a3d12f8 (webtiles) character file.

Game seed: 8308700585334034656

868 Newt the Slasher (level 7, -15/61 HPs)
             Began as a Green Draconian Cinder Acolyte on July 29, 2022.
             Was a Priest of Ignis.
             Killed by an exploding adder (22 damage)
             ... ignited by their inner flame
             ... on level 5 of the Dungeon.
             The game lasted 00:09:18 (4403 turns).

Newt the Slasher (Green Draconian Cinder Acolyte)   Turns: 4403, Time: 00:09:18

Health: -15/61     AC:  6    Str: 18    XL:     7   Next: 73%
Magic:  9/9        EV: 12    Int: 14    God:    Ignis [***...]
Gold:   186        SH:  0    Dex:  7    Spells: 9/9 levels left

rFire   + . .      SeeInvis .   a - -1 falchion (flame)
rCold   . . .      Faith    .   (no shield)
rNeg    . . .      Spirit   .   (body armour unavailable)
rPois   +          Reflect  .   (helmet restricted)
rElec   .          Harm     .   (no cloak)
rCorr   .          Rampage  .   (no gloves)
Will    .....                   (no boots)
Stlth   +.........              (no amulet)
HPRegen 0.20/turn               (no ring)
MPRegen 0.11/turn               (no ring)

@: about to teleport
A: breathe noxious fumes, AC +6, unfitting armour, poison resistance,
cold-blooded
a: Breathe Noxious Fumes, Renounce Religion, Fiery Armour, Foxfire Swarm, Rising
Flame


You were on level 5 of the Dungeon.
You worshipped Ignis.
Ignis was most pleased with you.
You visited 1 branch of the dungeon, and saw 5 of its levels.

You collected 186 gold pieces.

Inventory:

Hand Weapons
 a - a -1 falchion of flaming (weapon)
Wands
 j - a wand of flame (15)
Scrolls
 c - a scroll of identify
 e - a scroll of teleportation
Potions
 d - 3 potions of mutation
 f - a potion of resistance


   Skills:
 + Level 5.0 Fighting
 + Level 6.0 Long Blades
 * Level 3.5 Staves
 + Level 3.3 Dodging
 * Level 1.6 Spellcasting
 * Level 3.4 Fire Magic
 - Level 0.4 Poison Magic


You had 9 spell levels left.
You didn't know any spells.
Your spell library contained the following spells:

 Spells                   Type           Power      Damage    Failure   Level
 Scorch                   Fire           20%        2d6       9%          2
 Beastly Appendage        Tmut           2%         N/A       26%         1
 Wereblood                Tmut           1%         N/A       36%         2
 Spider Form              Tmut/Pois      1%         N/A       56%         3
 Portal Projectile        Hex/Tloc       2%         N/A       58%         3
 Tukima's Dance           Hex            1%         N/A       58%         3
 Blade Hands              Tmut           0%         N/A       100%        5


Dungeon Overview and Level Annotations

Branches:
Dungeon (5/15)
 Temple: D:4-7

Altars:
Ashenzari
Hepliaklqana
Uskayaw

Annotations:
D:4 Dowan, Duvessa


Innate Abilities, Weirdness & Mutations

You can breathe blasts of noxious fumes.
Your lurid green scales are hard. (AC +6)
You cannot fit into any form of body armour.
Your system is resistant to poisons. (rPois)
You are cold-blooded and may be slowed by cold attacks.


Message History

As you read the scroll labelled PUWEFF WALINEYHEE, it crumbles to dust.
Wisps of shadow whirl around you...
It was a scroll of summoning.
As you read the scroll labelled YRE JIXIF YFFU, it crumbles to dust.
The creatures around you are filled with an inner flame!
It was a scroll of immolation.
The air fills with toxic fumes!
As you read the scroll labelled KAHEUFUEHA, it crumbles to dust.
It was a scroll of poison.
You start waiting.
Your gnoll is engulfed in poison gas.
Your gnoll is poisoned.
Flame seeps out of your gnoll.
As you read the scroll of teleportation, it crumbles to dust.
You feel strangely unstable. Flame seeps out of your gnoll.
Your gnoll is engulfed in poison gas.
Your gnoll looks even sicker.
Flame seeps out of your gnoll.
Your gnoll's corpse dissolves into shadows!
Your gnoll explodes!
The fiery explosion engulfs you!! You resist.
The fiery explosion engulfs your gnoll!!
Your gnoll's corpse dissolves into shadows!
The fiery explosion engulfs your adder!
Your adder's corpse dissolves into shadows!
The fiery explosion engulfs your gnoll!!
Your gnoll's corpse dissolves into shadows!
Your gnoll explodes!
The fiery explosion engulfs your iguana!!!
Your iguana's corpse dissolves into shadows!
The fiery explosion engulfs you! You resist.
The fiery explosion engulfs your gnoll!!
Your gnoll's corpse dissolves into shadows!
Your gnoll explodes!
The fiery explosion engulfs you! You resist.
* * * LOW HITPOINT WARNING * * *
Your iguana explodes!
The fiery explosion engulfs you! You resist.
* * * LOW HITPOINT WARNING * * *
Your adder explodes!
The fiery explosion engulfs you!! You resist.
You die...

*##.##,**** *,.#*************
,,...,,,,>* *§§# **#.#******
*§§# ###.########### *§§#
.........§§§§§###§§#
........#§§§§§§§§§§#
........#§§§§§§§§§§#
........#§§§§§§§§§§#
........#§§§§§§§@§§#***********
........#§§§§.§§§§§§§§§§,,,,,,*
.....####§§§§§§§§§§#####*****,*
###### #§###§######*** *,* #.#
#§.,,,,,,,* *,* #.* ###******,*
*,* ###### *,* *,* *,* .....#
*,* *,* *,* ####.# *,* *,* *,*


There were no monsters in sight!

Vanquished Creatures
  Prince Ribbit (D:5)
  Grinder (D:3)
  Edmund (D:4)
  Blork the orc (D:4)
  A scorpion (D:5)
  A hound (D:5)
  A jelly (D:5)
  Jessica (D:3)
  An iguana (D:5)
  An orc wizard (D:3)
  3 adders
  A white imp (D:5)
  An ufetubus (D:5)
  5 worms
  2 dart slugs
  8 orcs
  5 endoplasms
  2 giant cockroaches (D:1)
  10 goblins
  6 hobgoblins
  2 kobolds
  4 quokkas
  6 ball pythons
  2 bats
  5 frilled lizards
  4 rats
76 creatures vanquished.

Vanquished Creatures (others)
  44 foxfires
44 creatures vanquished.

Grand Total: 120 creatures vanquished

Notes
Turn   | Place    | Note
-------+----------+-------------------------------------------
     0 | D:1      | Newt the Draconian Cinder Acolyte began the quest for the
                  | Orb.
     0 | D:1      | Reached XP level 1. HP: 19/19 MP: 2/2
    78 | D:1      | Found a faded altar of an unknown god.
   370 | D:1      | Reached XP level 2. HP: 21/26 MP: 3/3
   557 | D:1      | Reached skill level 1 in Staves
   809 | D:1      | You fall into a shaft and drop 1 floor!
  1249 | D:2      | Reached XP level 3. HP: 28/33 MP: 4/4
  2082 | D:3      | Noticed Jessica
  2088 | D:3      | Killed Jessica
  2089 | D:3      | Reached skill level 1 in Dodging
  2089 | D:3      | Reached XP level 4. HP: 40/40 MP: 5/5
  2145 | D:3      | Found a hazy altar of Hepliaklqana.
  2220 | D:3      | Reached skill level 4 in Long Blades
  2743 | D:3      | Noticed Grinder
  2743 | D:3      | Paralysed by Grinder for 5 turns
  2750 | D:3      | Killed Grinder
  2751 | D:3      | Reached XP level 5. HP: 45/47 MP: 6/6
  2751 | D:3      | Reached XP level 6. HP: 51/53 MP: 7/7
  2892 | D:3      | Found a broken altar of Ashenzari.
  2929 | D:3      | Found a hide-covered altar of Uskayaw.
  3011 | D:4      | Reached skill level 5 in Long Blades
  3096 | D:4      | Noticed Edmund
  3110 | D:4      | Killed Edmund
  3284 | D:4      | Noticed Blork the orc
  3284 | D:4      | Noticed Dowan
  3315 | D:4      | Killed Blork the orc
  3598 | D:4      | Noticed Duvessa
  3616 | D:5      | Entered Level 5 of the Dungeon
  3789 | D:5      | Your scales start taking on a lurid green colour.
  3789 | D:5      | Reached XP level 7. HP: 59/60 MP: 8/8
  3789 | D:5      | Gained mutation: Your system is resistant to poisons.
                  | (rPois) [Green Draconian growth]
  4138 | D:5      | Noticed Prince Ribbit
  4186 | D:5      | Killed Prince Ribbit
  4187 | D:5      | Reached skill level 5 in Fighting
  4187 | D:5      | Reached skill level 6 in Long Blades
  4403 | D:5      | Killed by an exploding adder... ignited by their inner
                  | flame

Illustrated notes

Levels and vault maps discovered:
D:1:      lightli_arrival_isolated_outpost, layout_rooms,
          shapermc_ecumenical_altar_pompeii, minmay_unequal
D:2:      layout_basic
D:3:      layout_basic, general_overflow_altar,
          mainiacjoe_overflow_catwalk_spiral, mainiacjoe_overflow_catwalk,
          uniq_grinder, uniq_jessica
D:4:      layout_basic, uniq_blork_the_orc, uniq_eustachio, uniq_edmund,
          uniq_duvessa
D:5:      layout_basic, uniq_prince_ribbit1

Skill      XL: |  1  2  3  4  5  6  7 |
---------------+----------------------+-----
Staves         | 1 2 3 |  3.5
Dodging        | 1 2 3 |  3.3
Long Blades    | 4 5 6 |  6.0
Fighting       | 4 5 |  5.0
Spellcasting   | |  1.6
Fire Magic     | |  3.4
Poison Magic   | |  0.4

Action                   |  1- 3 |  4- 6 |  7- 9 || total
-------------------------+-------+-------+-------++-------
Melee: Falchion          |   120 |   124 |    61 ||   305
       Tailslap          |     8 |    18 |    10 ||    36
       Punch             |     1 |       |     1 ||     2
Invok: Foxfire Swarm     |     1 |     2 |       ||     3
       Fiery Armour      |     1 |     1 |       ||     2
 Abil: Breathe Noxious F |       |       |     8 ||     8
  Use: Scroll            |       |     4 |     6 ||    10
       Potion            |       |     3 |     2 ||     5
Armor: Skin              |    41 |    39 |    28 ||   108
Dodge: Dodged            |    77 |    85 |    62 ||   224

Table legend: (Time is in decaauts)
 A = Elapsed time spent in this place.
 B = Non-inter-level travel time spent in this place.
 C = Inter-level travel time spent in this place.
 D = Time resting spent in this place.
 E = Time spent auto-exploring this place.
 F = Levels seen in this place.
 G = Mean time per level.
                   A        B        C        D        E       F      G
               +--------+--------+--------+--------+--------+-----+--------+
         Total |   4430 |   4402 |     28 |   1178 |   2449 |   5 |  886.0 |
       Dungeon |   4430 |   4402 |     28 |   1178 |   2449 |   5 |  886.0 |
               +--------+--------+--------+--------+--------+-----+--------+

Top non-repeatable levels by time:
     D:2: 1537 daAuts
     D:3: 873 daAuts
     D:5: 788 daAuts
     D:4: 671 daAuts
     D:1: 560 daAuts
